 Dungeon Crawl Stone Soup version 0.19.1 (webtiles) character file.

5266 Jerry the Carver (level 10, 0/70 HPs)
             Began as a Demonspawn Berserker on Dec 26, 2016.
             Was a High Priest of Trog.
             Killed from afar by a deep elf mage (27 damage)
             ... with a bolt of lightning
             ... in a bailey.
             The game lasted 00:26:10 (7672 turns).

Jerry the Carver (Demonspawn Berserker)             Turns: 7672, Time: 00:26:11

Health: 0/70       AC: 17    Str: 18    XL:     10   Next: 36%
Magic:  19/19      EV: 15    Int: 10    God:    Trog [*****.]
Gold:   408        SH:  4    Dex: 18    Spells: 0 memorised, 9 levels left

rFire  + . .     SeeInvis .     Q - +1 falchion (protect)
rCold  . . .     Gourm    .     R - +1 scale mail of Articulation {Dex+4} (curse)
rNeg   . . .     Faith    .     (no shield)
rPois  +         Spirit   .     (no helmet)
rElec  .         Reflect  +     B - +0 cloak
rCorr  .         Harm     .     (no gloves)
MR     .....                    (no boots)
Stlth  ..........               w - +4 amulet of reflection
                                P - ring of magical power
                                u - ring of poison resistance

@: lethally poisoned (0 -> 0), exhausted, protection aura, slowed, very slow
A: talons 2, demonic guardian 1, fire resistance 1
a: Berserk, Trog's Hand, Brothers in Arms, Burn Spellbooks, Renounce Religion


You were in a bailey.
You worshipped Trog.
Trog was extremely pleased with you.
You were hungry.

You visited 1 branch of the dungeon, and saw 9 of its levels.
You also visited: Ossuary and Bailey.

You collected 408 gold pieces.

Inventory:

Hand Weapons
 m - a +3 short sword of flaming
 Q - a +1 falchion of protection (weapon)
Missiles
 D - 2 throwing nets (quivered)
Armour
 B - a +0 cloak (worn)
 N - a +0 buckler
 R - the cursed +1 scale mail of Articulation (worn) {Dex+4}
   (You took it off an orc on level 9 of the Dungeon)

   It affects your dexterity (+4).
   It has a curse placed upon it.
Jewellery
 f - an uncursed ring of stealth
 u - a ring of poison resistance (left hand)
 w - a +4 amulet of reflection (around neck)
 P - a ring of magical power (right hand)
Wands
 l - a wand of random effects (31/48)
 p - a wand of flame (40/48)
 x - a wand of paralysis (23/24)
 I - a wand of polymorph (15/24)
 M - a wand of flame (36/48)
Scrolls
 b - 3 scrolls of remove curse
 i - 7 scrolls of identify
 k - 2 scrolls of immolation
 s - 4 scrolls of amnesia
 t - 2 scrolls of recharging
 v - 4 scrolls of enchant weapon
 C - 3 scrolls of enchant armour
 F - a scroll of magic mapping {unknown}
 G - 2 scrolls of fear
Potions
 d - 3 potions of curing
 e - a potion of might
 g - 3 potions of haste
 h - 2 potions of heal wounds
 j - a potion of lignification {unknown}
 n - 2 potions of resistance {unknown}
 A - a potion of flight
 J - a potion of berserk rage {unknown}
 K - 2 potions of brilliance {unknown}
 L - a potion of cure mutation {unknown}
Books
 y - a book of Flames

   Spells                             Type                      Level
   a - Flame Tongue                   Conjuration/Fire             1
   b - Throw Flame                    Conjuration/Fire             2
   c - Conjure Flame                  Conjuration/Fire             3
   d - Inner Flame                    Hexes/Fire                   3
   e - Sticky Flame                   Conjuration/Fire             4
   f - Fireball                       Conjuration/Fire             5
   Trog disapproves of the use of such an item.
Comestibles
 a - 3 chunks of flesh
 c - 8 bread rations
 o - 3 fruits
 r - 7 meat rations
 z - 2 slices of pizza
 H - 3 beef jerkies


   Skills:
 - Level 3.0 Fighting
 + Level 8.6 Long Blades
 + Level 8.4 Armour
 + Level 8.5 Dodging


You had 9 spell levels left.
You didn't know any spells.

Dungeon Overview and Level Annotations

Branches:
Dungeon (9/15)             Temple (0/1) D:6
   Lair: D:8-11         Orc: D:9-12

Altars:
Dithmenos
Elyvilon
Gozag
Hepliaklqana
Nemelex Xobeh
Okawaru
Trog
Uskayaw
Vehumet
Yredelemnul

Shops:
D:5 !


Innate Abilities, Weirdness & Mutations

You have razor-sharp toenails.
A weak demonic guardian rushes to your aid.
Your flesh is heat resistant. (rF+)


Message History

The deep elf mage completely misses you.
You closely miss the deep elf mage. You claw the deep elf mage.
The deep elf mage is moderately wounded.
The deep elf mage barely misses you.
You riposte.
You hit the deep elf mage. Your kick misses the deep elf mage.
The deep elf mage is heavily wounded.
You hit the deep elf mage.
The deep elf mage is heavily wounded.
The deep elf mage hits you but does no damage.
Your scale mail of Articulation prevents you from hitting the deep elf mage.
Your kick misses the deep elf mage.
The deep elf mage is heavily wounded.
You feel sick. The deep elf mage casts a spell at you.
The bolt of lightning hits you!
The bolt of lightning hits your white imp.
Your white imp dies!
The deep elf mage gestures at you while chanting.
The bolt of lightning hits you!
You die...

.. .. .. .###
###.
##...###...##
#.....#.....#
#.....#.....#
#....5#e....#
#...@#e...#
#####e#
##..5§#....#
#....5#.....#
#..∩..#.....#
#.....#.....#
###...###...##
##.)##'######.
#....##...##
..


You could see a deep elf mage and a friendly ufetubus.

Vanquished Creatures
  4 deep elf magi (Bailey)
  2 hungry ghosts (D:8)
  An orc warrior (D:6)
  A hornet zombie (D:8)
  A sky beast (D:8)
  A black bear (D:8)
  3 ogres
  5 centaurs
  A crocodile (D:8)
  2 scorpions
  4 killer bees (D:4)
  5 howler monkeys
  5 centaur zombies
  4 crimson imps
  A quasit (D:8)
  5 hounds
  2 jellies
  3 orc priests
  2 bullfrog skeletons
  A bullfrog zombie (D:7)
  2 human zombies (Ossuary)
  5 orc wizards
  3 iguanas
  4 worker ants
  A big kobold zombie (Ossuary)
  A hound zombie (D:6)
  3 mummies (Ossuary)
  A worker ant zombie (D:8)
  A howler monkey zombie (D:5)
  7 gnolls
  16 adders
  2 oozes
  6 adder zombies
  2 adder skeletons
  8 worms
  A dart slug (D:1)
  2 leopard geckos
  20 orcs
  5 giant cockroaches
  A gnoll zombie (Ossuary)
  4 goblins
  8 hobgoblins
  14 jackals
  7 kobolds
  4 quokkas
  3 ball pythons
  10 bats
  6 frilled lizards
  3 goblin zombies (Ossuary)
  4 hobgoblin zombies (Ossuary)
  6 jackal zombies (Ossuary)
  3 kobold zombies (Ossuary)
  An orc zombie (Ossuary)
  2 quokka zombies (Ossuary)
  8 rats
  4 rat zombies (Ossuary)
231 creatures vanquished.

Vanquished Creatures (collateral kills)
  A centaur (D:6)
  2 ogres
  A bullfrog (D:6)
  An orc priest (D:9)
  An orc wizard (D:9)
  A leopard gecko (D:8)
  5 orcs
12 creatures vanquished.

Grand Total: 243 creatures vanquished

Notes
Turn   | Place    | Note
-------+----------+-------------------------------------------
     0 | D:1      | Jerry the Demonspawn Berserker began the quest for the Orb.
     0 | D:1      | Reached XP level 1. HP: 18/18 MP: 1/1
   170 | D:1      | Gained mutation: Your flesh is heat resistant. (rF+) [demonic ancestry]
   170 | D:1      | Reached XP level 2. HP: 24/24 MP: 2/2
   721 | D:2      | Reached XP level 3. HP: 19/29 MP: 3/3
   754 | D:2      | Reached ** piety under Trog
  1343 | D:2      | Reached XP level 4. HP: 35/35 MP: 4/4
  1433 | D:2      | Found a faded altar of an unknown god.
  1890 | D:3      | Reached *** piety under Trog
  1890 | D:3      | Gained mutation: You have sharp toenails. [demonic ancestry]
  1890 | D:3      | Reached XP level 5. HP: 34/41 MP: 5/5
  2299 | D:4      | Noticed an ogre
  2518 | D:4      | Found a bloodstained altar of Trog.
  2568 | D:4      | Killed an ogre
  2568 | D:4      | Gained mutation: You have razor-sharp toenails. [demonic ancestry]
  2568 | D:4      | Reached XP level 6. HP: 47/47 MP: 6/6
  2649 | D:4      | Found a radiant altar of Vehumet.
  2698 | D:4      | HP: 3/70 [poisoned by a worker ant]
  2702 | D:4      | HP: 1/47 [poisoned by a worker ant]
  3059 | D:4      | Reached XP level 7. HP: 52/52 MP: 7/7
  3098 | D:4      | Reached **** piety under Trog
  3611 | D:5      | Entered Level 5 of the Dungeon
  3615 | D:5      | Reached skill level 5 in Long Blades
  3665 | D:5      | Found Siutzidd's Distillery.
  3741 | D:5      | Reached skill level 5 in Dodging
  3769 | D:5      | Reached skill level 5 in Armour
  4007 | D:5      | Found a sparkling altar of Nemelex Xobeh.
  4159 | D:5      | Gained mutation: A weak demonic guardian rushes to your aid. [demonic ancestry]
  4159 | D:5      | Reached XP level 8. HP: 31/58 MP: 8/8
  4604 | D:6      | Got an amethyst-encrusted leather armour
  4615 | D:6      | Identified the +1 leather armour of Analysis {rPois Dex+6} (You found it on level 6 of the Dungeon)
  4780 | D:6      | Found a staircase to the Ecumenical Temple.
  4834 | D:6      | Found an opulent altar of Gozag.
  4992 | D:6      | Found a hide-covered altar of Uskayaw.
  4992 | D:6      | Found a shadowy altar of Dithmenos.
  5236 | D:7      | Found a white marble altar of Elyvilon.
  5446 | D:7      | Found a hazy altar of Hepliaklqana.
  5645 | D:7      | Found a basalt altar of Yredelemnul.
  5879 | D:7      | Reached XP level 9. HP: 37/63 MP: 9/9
  6182 | D:8      | Found a sparkling altar of Nemelex Xobeh.
  6341 | D:8      | Found an iron altar of Okawaru.
  6541 | D:8      | Found a sand-covered staircase.
  6546 | Ossuary  | Entered an ossuary
  6674 | Ossuary  | Reached ***** piety under Trog
  7240 | D:9      | Found a flagged portal.
  7275 | D:9      | Received a gift from Trog
  7380 | D:9      | Got a faintly humming scale mail
  7394 | D:9      | Identified the cursed +1 scale mail of Articulation {Dex+4} (You took it off an orc on level 9 of the Dungeon)
  7531 | Bailey   | Entered a bailey
  7555 | Bailey   | Noticed a deep elf mage
  7580 | Bailey   | Killed a deep elf mage
  7580 | Bailey   | Reached XP level 10. HP: 57/70 MP: 10/10
  7641 | Bailey   | Noticed a deep elf mage
  7642 | Bailey   | Noticed a deep elf mage
  7642 | Bailey   | Noticed a deep elf mage
  7642 | Bailey   | Noticed a deep elf mage
  7642 | Bailey   | Noticed a deep elf mage
  7642 | Bailey   | Noticed a deep elf mage
  7647 | Bailey   | Killed a deep elf mage
  7653 | Bailey   | Killed a deep elf mage
  7663 | Bailey   | Killed a deep elf mage
  7672 | Bailey   | Killed from afar by a deep elf mage

Skill      XL: |  1  2  3  4  5  6  7  8  9 10 |
---------------+-------------------------------+-----
Armour         | 2 3 4 5 6 7 8 |  8.4
Long Blades    | 3 4 5 6 8 |  8.6
Dodging        | 2 3 4 5 6 8 |  8.5
Fighting       | |  3.0

Action                   |  1- 3 |  4- 6 |  7- 9 | 10-12 || total
-------------------------+-------+-------+-------+-------++-------
Melee: Falchion          |    55 |       |   346 |    26 ||   427
       Short sword       |    53 |   191 |   389 |       ||   633
       Kick              |       |    33 |   293 |     7 ||   333
Invok: Berserk           |       |     2 |     5 |     1 ||     8
       Trog's Hand       |       |       |     2 |       ||     2
  Use: Scroll            |       |    11 |     6 |       ||    17
       Potion            |       |     1 |       |       ||     1
 Stab: Sleeping          |     7 |     1 |     2 |       ||    10
       Distracted        |       |     1 |       |       ||     1
  Eat: Chunk             |     1 |     6 |    23 |     1 ||    31
       Beef jerky        |       |       |     3 |       ||     3
       Bread ration      |       |       |     1 |       ||     1
Armor: Animal skin       |    31 |     4 |       |       ||    35
       Ring mail         |       |    47 |    80 |       ||   127
       Leather armour    |       |       |    75 |       ||    75
       Scale mail        |       |       |     7 |     7 ||    14
Dodge: Dodged            |    96 |   107 |   435 |     7 ||   645
Block: Other             |       |    25 |   105 |     2 ||   132
       Reflection        |       |       |     2 |       ||     2
       Rpst.: Falchion   |    18 |       |    75 |     1 ||    94
